 Dungeon Crawl Stone Soup version 0.31.0-32-g396128a36d (webtiles) character file.

Game seed: 15325900099891502069

53 BigDaddyOpFi the Vexing (level 3, -1/26 (27) HPs)
             Began as a Barachi Hexslinger on Mar 25, 2024.
             Slain by Ijyb
             ... wielding a +5 dagger of draining
              (8 damage)
             ... on level 3 of the Dungeon.
             The game lasted 00:02:42 (1124 turns).

BigDaddyOpFi the Vexing (Barachi Hexslinger)        Turns: 1124, Time: 00:02:43

HP:   -1/26 (27)    AC:  3    Str:  9    XL:     3   Next: 89%
MP:   2/5           EV: 13    Int: 13    God:
Gold: 137           SH:  0    Dex: 16    Spells: 3/5 levels left

rFire   + . .        a - +1 sling
rCold   + . .        (no shield)
rNeg    . . .        c - +0 robe
rPois   +            (no helmet)
rElec   +            h - +0 cloak
rCorr   +            (no gloves)
SInv    .            (no boots)
Will    .....        (no amulet)
Stlth   +            (no ring)
HPRegen 0.24/turn    (no ring)
MPRegen 0.09/turn

%: no passive effects
@: resistant, weak-willed, unable to hop, lightly drained, slow
A: amphibious, slowness 1, strong legs 1, +LOS
a: Hop


You were on level 3 of the Dungeon.
You visited 1 branch of the dungeon, and saw 3 of its levels.

You collected 137 gold pieces.

Inventory:

Hand Weapons
 a - a +1 sling (weapon)
Missiles
 n - 2 throwing nets
Armour
 c - a +0 robe (worn)
 h - a +0 cloak (worn)
Jewellery
 g - a ring of ice
 i - an amulet of reflection
 j - a ring of protection from cold
Scrolls
 b - a scroll of poison
 d - a scroll of enchant armour
 f - 2 scrolls of identify
 l - a scroll of fear {unknown}
 m - a scroll of blinking {unknown}
 o - a scroll of vulnerability {unknown}
Potions
 e - a potion of curing


   Skills:
 + Level 2.1 Fighting
 + Level 2.4 Ranged Weapons
 + Level 2.6 Dodging
 + Level 1.7 Spellcasting
 * Level 3.7 Hexes
 + Level 1.7 Fire Magic


You had 3 spell levels left.
You knew the following spells:

 Your Spells              Type           Power      Damage    Failure   Level
a - Jinxbite              Hex            20%        N/A       9%          2

Your spell library contained the following spells:

 Spells                   Type           Power      Damage    Failure   Level
 Sigil of Binding         Hex            10%        N/A       17%         3
 Inner Flame              Hex/Fire       8%         N/A       26%         3
 Call Canine Familiar     Summ           1%         N/A       61%         3
 Frozen Ramparts          Ice            2%         1d1       61%         3
 Ozocubu's Armour         Ice            1%         N/A       61%         3
 Cause Fear               Hex            5%         N/A       50%         4
 Dimensional Bullseye     Hex/Tloc       2%         N/A       77%         4
 Leda's Liquefaction      Alch/Erth      0%         N/A       95%         4
 Petrify                  Alch/Erth      1%         N/A       95%         4
 Metabolic Englaciation   Hex/Ice        2%         N/A       98%         5
 Sculpt Simulacrum        Ice/Alch       0%         N/A       100%        6


Dungeon Overview and Level Annotations

Branches:
Dungeon (3/15)

Altars:

Annotations:
D:3 Ijyb


Innate Abilities, Weirdness & Mutations

You are amphibious.
You cover ground slowly.
You can hop short distances.
You have an extended range of vision and can be seen from far away.


Message History

The jinxing sprites lose interest in you.
Ijyb grins evilly.
Ijyb zaps a wand.
The mass of ice explodes!
The iceblast engulfs you!
Ouch! That really hurt!
* * * LOW HITPOINT WARNING * * *
Your magical contamination has completely faded away.
You feel better.
Ijyb zaps a wand.
The mass of ice explodes!
The iceblast engulfs you!
* * * LOW HITPOINT WARNING * * *
An endoplasm comes into view.
You feel better.
Okay, then.
Hop to where?
Press: ? - help, Dir - move target, p - Ijyb Boing!
Fire: a) +1 sling
Press: ? - help, Q - select action, (/) - cycle Shift-Dir - straight line, f - Ijyb
Aim: Ijyb, wielding a +5 dagger of draining, wearing a +2 ring mail of willpower and carrying a wand of iceblast (sparse dust, lightly wounded, heavily drained, 57% to hit)
You shoot a sling bullet.
The sling bullet hits Ijyb but does no damage.
Ijyb is lightly wounded.
Ijyb seems less drained.
Fire: a) +1 sling
Press: ? - help, Q - select action, (/) - cycle Shift-Dir - straight line, f/p - Ijyb
Aim: Ijyb, wielding a +5 dagger of draining, wearing a +2 ring mail of willpower and carrying a wand of iceblast (lightly wounded, 57% to hit)
You shoot a sling bullet. The sling bullet closely misses Ijyb.
Fire: a) +1 sling
Press: ? - help, Q - select action, (/) - cycle Shift-Dir - straight line, f/p - Ijyb
Aim: Ijyb, wielding a +5 dagger of draining, wearing a +2 ring mail of willpower and carrying a wand of iceblast (lightly wounded, 57% to hit)
You shoot a sling bullet. The sling bullet barely misses Ijyb.
It was a potion of resistance.
You feel protected.
Ijyb hits you with a +5 dagger of draining.
You feel drained.
* * * LOW HITPOINT WARNING * * *
As you read the scroll labelled HOENGA VEBESOE, it crumbles to dust.
It is a scroll of identify.
d - a scroll of enchant armour Ijyb hits you with a +5 dagger of draining!
You die...

#### #.# .>.# ###.###
#..#.#######.....#
#..#.....<##.#.#.##
#..#####........... #..#.#
#.###.#.#.## #..#.###.#
#...#.## #
#..#...#.#######.##
####.###.@#.#.#.#.......##
.........g#.#.#.#.##.#####
#.#...............#.#####
#.###.##.#.#.#......... #
#.##.#...#..#.#####
#.##.#.#.#....# #
#..........#.##.#######
#...[....#.#..........#
#.###.####.####.#####.#


You could see Ijyb.

Vanquished Creatures
  An adder (D:2)
  A shadow imp (D:3)
  An adder skeleton (D:2)
  2 dart slugs (D:2)
  2 ball pythons
  5 bats
  A bat zombie (D:2)
  5 endoplasms
  2 giant cockroaches
  2 goblins (D:2)
  A quokka (D:1)
  3 frilled lizards
  A kobold (D:1)
  3 rats
30 creatures vanquished.

Notes
Turn   | Place    | Note
-------+----------+-------------------------------------------
     0 | D:1      | BigDaddyOpFi the Barachi Hexslinger began the quest for the
                  | Orb.
     0 | D:1      | Reached XP level 1. HP: 15/15 MP: 2/2
   146 | D:1      | Reached XP level 2. HP: 21/21 MP: 3/3
   317 | D:1      | Found a faded altar of an unknown god.
   561 | D:2      | Reached XP level 3. HP: 15/27 MP: 5/5
   938 | D:2      | Learned a level 2 spell: Jinxbite
  1111 | D:3      | Noticed Ijyb
  1124 | D:3      | Slain by Ijyb

Illustrated notes

Levels and vault maps discovered:
D:1:      dpeg_arrival_lava_temple_mockup, layout_rooms,
          shapermc_ecumenical_altar_pompeii, minivault_26
D:2:      layout_rooms, serial_undead, serial_undead_f, serial_undead_e,
          serial_undead_b, serial_undead_b, nicolae_elevator_lobby_plus
D:3:      layout_basic, gammafunk_ghost_abyssal_escape, minmay_crystal_water,
          uniq_ijyb, uniq_grinder, uniq_terence

Skill      XL: |  1  2  3 |
---------------+----------+-----
Fighting       | 2 |  2.1
Ranged Weapons | |  2.4
Dodging        | |  2.6
Spellcasting   | |  1.7
Hexes          | |  3.7
Fire Magic     | |  1.7

Action                     || total
---------------------------++-------
   Fire: Sling             ||    94
   Cast: Jinxbite          ||     2
Ability: Hop               ||     3
    Use: Potion            ||     4
         Scroll            ||     1
 Armour: Robe              ||    42
  Dodge: Dodged            ||    37
